 Dungeon Crawl Stone Soup version 0.26-a0-21-gf97e55dc39 (webtiles) character file.

Game seed: 2194491627865155965, levelgen mode: deterministic

8789 vurker the Grappler (level 11, -4/107 HPs)
             Began as a Troll Hunter on May 26, 2020.
             Slain by a wraith (13 damage)
             ... led by Josephine
             ... on level 10 of the Dungeon.
             The game lasted 00:23:52 (10101 turns).

vurker the Grappler (Troll Hunter)                 Turns: 10101, Time: 00:23:52

Health: -4/107     AC:  9    Str: 24 (25) XL:     11   Next: 14%
Magic:  13/13      EV:  9    Int:  7      God:
Gold:   289        SH:  0    Dex:  9 (10) Spells: 10/10 levels left

rFire    . . .     SeeInvis .     - Unarmed
rCold    . . .     Gourm    +   (no shield)
rNeg     . . .     Faith    .   B - +0 troll leather armour
rPois    +         Spirit   .   (helmet restricted)
rElec    .         Reflect  .   q - +0 cloak
rCorr    .         Harm     .   (gloves unavailable)
MR       .....                  (boots unavailable)
Stlth    +.........             (no amulet)
HPRegen  1.07/turn              r - ring of poison resistance
MPRegen  0.13/turn              (no ring)

@: slowed, heavily drained, very slow
A: large, unfitting armour, claws 3, deterioration 1, fast metabolism 3,
gourmand, regeneration 1, shaggy fur 1, tough skin 3
a: no special abilities


You were on level 10 of the Dungeon.
You were very full.

You visited 2 branches of the dungeon, and saw 11 of its levels.

You collected 506 gold pieces.
You spent 217 gold pieces at shops.

Inventory:

Missiles
 h - 8 atropa-tipped darts
 k - 37 poisoned darts
 y - 3 throwing nets
 A - 4 large rocks (quivered)
Armour
 q - a +0 cloak (worn)
   (You found it on level 3 of the Dungeon)
 B - a +0 troll leather armour (worn)
   (You found it on level 9 of the Dungeon)
Jewellery
 r - a ring of poison resistance (left claw)
   (You found it on level 4 of the Dungeon)
 w - an uncursed ring of ice
   (You found it on level 5 of the Dungeon)
Wands
 c - a wand of disintegration (8)
   (You found it on level 8 of the Dungeon)
 d - a wand of iceblast (9)
   (You found it on level 5 of the Dungeon)
 o - a wand of clouds (5)
   (You found it on level 3 of the Dungeon)
 t - a wand of flame (18)
   (You found it on level 5 of the Dungeon)
 v - a wand of digging (3)
   (You found it on level 8 of the Dungeon)
Scrolls
 f - a scroll of vulnerability {unknown}
 g - a scroll of teleportation
 l - a scroll of remove curse
 z - a scroll of blinking
 E - a scroll of fog
Potions
 a - 6 potions of curing
 i - a potion of invisibility
 j - 2 potions of heal wounds
 m - 3 potions of lignification
 n - a potion of degeneration {unknown}
 p - 2 potions of cancellation
 s - a potion of berserk rage {unknown}
 u - a potion of haste
 x - 2 potions of flight
 C - a potion of might {unknown}
 H - a potion of magic {unknown}
Comestibles
 b - 11 chunks of flesh
 e - 23 rations


   Skills:
 + Level 6.8(4.1) Fighting
 + Level 8.2(5.4) Throwing
 + Level 1.0(0.0) Armour
 + Level 2.1(0.0) Dodging
 - Level 0.3(0.0) Stealth
 * Level 11.1(8.0) Unarmed Combat
 - Level 5.0(2.3) Evocations


You had 10 spell levels left.
You didn't know any spells.
Your spell library contained the following spells:

 Spells                   Type           Power        Failure   Level  Hunger
 Magic Dart               Conj           #...         47%         1    ##.....
 Shock                    Conj/Air       #...         47%         1    ##.....
 Searing Ray              Conj           #.....       63%         2    ###....
 Swiftness                Chrm/Air       #.......     63%         2    ###....
 Confusing Touch          Hex            #.......     85%         3    ####...
 Dazzling Flash           Conj/Hex       #.....       85%         3    ####...
 Gell's Gravitas          Tloc           #.........   85%         3    ####...
 Static Discharge         Conj/Air       #.......     85%         3    ####...
 Airstrike                Air            #.........   99%         4    #####..
 Fulminant Prism          Conj/Hex       #.........   99%         4    #####..
 Iskenderun's Mystic Bla  Conj/Tloc      #.......     99%         4    #####..
 Petrify                  Tmut/Erth      #.......     99%         4    #####..
 Lightning Bolt           Conj/Air       #.........   100%        5    ######.
 Metabolic Englaciation   Hex/Ice        #.........   100%        5    ######.
 Yara's Violent Unravell  Hex/Tmut       #.........   100%        5    ######.


Dungeon Overview and Level Annotations

Branches:
Dungeon (10/15)            Temple (1/1) D:5            Lair (0/6) D:9
    Orc: D:9-12

Altars:
Ashenzari
Cheibriados
Dithmenos
Elyvilon
Fedhas
Gozag
Hepliaklqana
Kikubaaqudgha
Makhleb
Nemelex Xobeh
Okawaru
Qazlal
Ru
Sif Muna
Trog
Uskayaw
Vehumet
Wu Jian
Xom
Yredelemnul
Zin
The Shining One

Shops:
D:5 [   D:9 *

Annotations:
D:10 Josephine


Innate Abilities, Weirdness & Mutations

You are too large for most types of armour.
You have claws for hands.
Your metabolism is lightning-fast.
You like to eat raw meat.
Your natural rate of healing is unusually fast.
You are covered in fur. (AC +1)
You have extremely tough skin. (AC +3)
Your body sometimes deteriorates upon taking damage.


Message History

The orc shouts!
The wraith hits you! The wraith drains your vigour!
You feel as though you will be slow longer.
The wraith hits you but does no damage.
Josephine struggles against the net.
The wraith hits you!
* * * LOW HITPOINT WARNING * * *
The wraith drains your vigour!
You feel as though you will be slow longer.
An orc wizard comes into view. It is wielding a +0 dagger.
The wraith hits you!
* * * LOW HITPOINT WARNING * * *
The wraith drains your vigour!
You feel as though you will be slow longer.
You feel much better. The wraith barely misses you.
Josephine struggles against the net.
The wraith hits you but does no damage. x3
Josephine points at you and mumbles some strange words.
The ghostly flame explodes!
The ghostly fireball engulfs you!!
You feel drained.
* * * LOW HITPOINT WARNING * * *
The ghostly fireball engulfs the wraith.
The wraith completely resists.
The ghostly fireball engulfs Josephine.
Josephine completely resists.
The ghostly fireball engulfs the wraith.
The wraith completely resists.
The ghostly fireball engulfs the wraith but does no damage.
The wraith completely resists.
Josephine struggles against the net.
The net rips apart, and Josephine comes free!
Unknown command.
You scratch Josephine but do no damage.
The wraith hits you but does no damage. x2
The wraith barely misses you. The wraith hits you!
* * * LOW HITPOINT WARNING * * *
The wraith drains your vigour!
You feel as though you will be slow longer.
Quiver which item? (- for none, * to show all) (? for menu, Esc to quit)
Quivering
A - 5 large rocks for throwing.
Throwing (i - inventory. (/) - cycle)
A - 5 large rocks (quivered)
Aim: Josephine, wielding a +0 dagger and wearing a +2 robe of positive energy (severely wounded)
You throw a large rock.
The large rock closely misses Josephine.
The large rock hits the wraith!
The wraith closely misses you. The wraith hits you!
* * * LOW HITPOINT WARNING * * *
The wraith drains your vigour!
You feel as though you will be slow longer.
Josephine hits you with a +0 dagger.
* * * LOW HITPOINT WARNING * * *
The wraith hits you!
* * * LOW HITPOINT WARNING * * *
The wraith hits you!
You die...

#....## ##.....#
#......##########
#.......##......###
#.................##
##....†............#
##...##..W.....#.
#...##.WWWoo.##
##..####@@Woo##
#..## #####..##
..... ##..# ##..##
#.... ##..## ##..#
#.... ##..##
##W####....# ##..##
#W.o##..... ###..##
##.{....... #...##
#..o...... #..##
..........


You could see Josephine, 5 wraiths, an orc wizard and 3 orcs.

Vanquished Creatures
  A two-headed ogre (D:10)
  An unseen horror (D:9)
  2 trolls
  A hippogriff (D:7)
  Sigmund (D:7)
  A spriggan (D:7)
  3 wyverns
  Edmund (D:7)
  4 sky beasts
  An ice beast (D:5)
  4 orc warriors
  A black bear (D:9)
  A necrophage (D:10)
  3 phantoms
  2 wolves (D:5)
  9 centaurs
  4 ogres
  A big kobold (D:9)
  2 bullfrogs
  6 gnoll sergeants
  2 scorpions
  12 wights
  7 howler monkeys (D:8)
  5 crimson imps
  2 centaur zombies
  A bullfrog zombie (D:5)
  6 hounds
  2 centaur skeletons (D:9)
  4 jellies
  2 bullfrog skeletons
  6 orc priests
  4 gnoll shamans
  Jessica (D:9)
  3 iguanas
  9 worker ants
  11 orc wizards
  A killer bee zombie (D:6)
  2 hound skeletons
  9 adders
  38 gnolls
  2 oozes
  An adder zombie (D:5)
  An adder skeleton (D:6)
  4 worms
  7 leopard geckos
  34 orcs
  2 ball pythons
  5 bats
  4 giant cockroaches
  9 hobgoblins
  13 jackals
  12 kobolds
  A quokka (D:5)
  6 frilled lizards
  A giant cockroach zombie (D:5)
  4 goblins
  3 quokka skeletons
  A quokka zombie (D:6)
  10 rats
296 creatures vanquished.

Notes
Turn   | Place    | Note
-------+----------+-------------------------------------------
     0 | D:1      | vurker the Troll Hunter began the quest for the Orb.
     0 | D:1      | Reached XP level 1. HP: 19/19 MP: 0/0
   147 | D:1      | Reached skill level 1 in Unarmed Combat
   147 | D:1      | Reached XP level 2. HP: 28/28 MP: 1/1
   551 | D:1      | Reached XP level 3. HP: 35/35 MP: 2/2
   798 | D:2      | Reached skill level 2 in Unarmed Combat
   969 | D:2      | Reached XP level 4. HP: 42/42 MP: 3/3
  1082 | D:2      | Found a faded altar of an unknown god.
  1486 | D:2      | Reached skill level 3 in Unarmed Combat
  1778 | D:3      | Found a sparkling altar of Nemelex Xobeh.
  1788 | D:3      | Reached XP level 5. HP: 23/50 MP: 4/4
  2292 | D:4      | Found a bloodstained altar of Trog.
  2386 | D:4      | Noticed a phantom
  2388 | D:4      | Noticed a phantom
  2389 | D:4      | Reached skill level 4 in Unarmed Combat
  2410 | D:4      | Reached XP level 6. HP: 59/59 MP: 5/5
  2443 | D:4      | Reached skill level 1 in Evocations
  2737 | D:4      | Found a blossoming altar of Fedhas.
  2898 | D:5      | Entered Level 5 of the Dungeon
  2914 | D:5      | Reached XP level 7. HP: 61/67 MP: 5/7
  2960 | D:5      | Got an ichor-stained dagger
  2961 | D:5      | Identified the +2 dagger of the Living Dead {elec, Int+7}
                  | (You found it on level 5 of the Dungeon)
  2983 | D:5      | Reached skill level 5 in Throwing
  2983 | D:5      | Reached skill level 5 in Unarmed Combat
  3109 | D:5      | Found a staircase to the Ecumenical Temple.
  3121 | Temple   | Entered the Ecumenical Temple
  3629 | D:5      | Found Karovij's Armour Boutique.
  3657 | D:5      | Found an iron altar of Okawaru.
  3663 | D:5      | Got a scorched whip
  3664 | D:5      | Identified the +4 whip "Leviticus" {freeze, Int+5} (You
                  | found it on level 5 of the Dungeon)
  3786 | D:5      | Reached skill level 6 in Unarmed Combat
  3786 | D:5      | Reached XP level 8. HP: 60/78 MP: 8/8
  4470 | D:5      | Reached skill level 7 in Unarmed Combat
  4658 | D:5      | Got an ancient hunting sling
  4659 | D:5      | Identified the +9 hunting sling "Keuse" {speed, *Contam
                  | +Fly Str-3 Dex+9} (You found it on level 5 of the Dungeon)
  4669 | D:5      | Gained mutation: Your body sometimes deteriorates upon
                  | taking damage. [mutagenic glow]
  4959 | D:6      | Reached XP level 9. HP: 67/85 MP: 10/10
  5352 | D:6      | Reached skill level 8 in Unarmed Combat
  5489 | D:6      | Reached skill level 5 in Fighting
  5527 | D:6      | Found a shimmering altar of Xom.
  5610 | D:6      | Found a glowing golden altar of the Shining One.
  5955 | D:6      | Found a hazy altar of Hepliaklqana.
  5956 | D:6      | Noticed a spectral ugly thing
  6119 | D:7      | Noticed Edmund
  6124 | D:7      | Killed Edmund
  6148 | D:7      | Noticed Sigmund
  6149 | D:7      | Killed Sigmund
  6363 | D:7      | Reached skill level 9 in Unarmed Combat
  6745 | D:7      | Reached XP level 10. HP: 76/98 MP: 12/12
  7352 | D:7      | Found a hide-covered altar of Uskayaw.
  7926 | D:8      | Reached skill level 10 in Unarmed Combat
  7981 | D:8      | Found a stormy altar of Qazlal.
  7984 | D:8      | Found an ancient bone altar of Kikubaaqudgha.
  7987 | D:8      | Found an ornate altar of the Wu Jian Council.
  8120 | D:8      | Found a sacrificial altar of Ru.
  8501 | D:9      | Got a pitted rapier
  8502 | D:9      | Identified the +7 rapier of the Ecumenical Temple
                  | {antimagic, rF+ Str+3} (You found it on level 9 of the
                  | Dungeon)
  8605 | D:9      | Found Jaineck's Assorted Antiques.
  8654 | D:9      | Bought a golden potion for 18 gold pieces
  8654 | D:9      | Bought a scroll of blinking for 157 gold pieces
  8654 | D:9      | Bought a scroll of identify for 42 gold pieces
  8663 | D:9      | Found a staircase to the Lair.
  8675 | D:9      | Reached skill level 5 in Evocations
  8934 | D:9      | Found a radiant altar of Vehumet.
  9250 | D:9      | Killed an unseen horror
  9525 | D:9      | Noticed Jessica
  9532 | D:9      | Killed Jessica
  9536 | D:9      | Found a shimmering blue altar of Sif Muna.
  9578 | D:10     | Entered Level 10 of the Dungeon
  9935 | D:10     | Reached XP level 11. HP: 61/107 MP: 13/13
  9940 | D:10     | Noticed Josephine
  9944 | D:10     | Noticed a two-headed ogre
  9955 | D:10     | Killed a two-headed ogre
  9955 | D:10     | Reached skill level 11 in Unarmed Combat
 10047 | D:10     | Reached skill level 1 in Armour
 10101 | D:10     | Slain by a wraith

Illustrated notes

Levels and vault maps discovered:
D:1:      co_arrival_square_in_a_square_in_a_square, layout_basic,
          corexii_hall_statues_i
D:2:      layout_loops_ring, chequers_ecumenical_altar_simple_redux
D:3:      layout_loops_ring, old_standard_altar
D:4:      layout_rooms, bloody_trog, lemuel_coloured_pillars_altar,
          roderic_cross_of_infinity
D:5:      layout_cave_pools, minmay_temple_entry_tees, serial_gnoll_camp,
          gnoll_camp_medium_02, gnoll_camp_mini_sergeant, gnoll_camp_medium_01,
          gnoll_camp_mini_basic, gnoll_camp_mini_house,
          gnoll_camp_mini_doghouse, serial_shops, shop, first_ration,
          okawaru_trees_1
D:6:      layout_loops_corners, regret_index_temple_of_mockery,
          nicolae_tso_swordbearing_angel, serial_bayou_lagoon_a
D:7:      layout_basic, nicolae_overflow_hidden_temple, the_bakery,
          interstate_on_off, grunt_decor_fettered, nicolae_lava_and_water,
          sigmund_edmund_badplayer
D:8:      layout_loops_ring, nicolae_ru_the_path_less_chosen,
          grunt_temple_overflow_diamond
D:9:      layout_basic, vehumet_crystals, lair_entry_dummy, serial_shops, shop,
          minmay_misc_feat_cross, tgw_sif
D:10:     layout_layer_cave, uniq_josephine, uniq_joseph
Temple:   compressed_dpeg_triangle_lava_temple

Skill      XL: |  1  2  3  4  5  6  7  8  9 10 11 |
---------------+----------------------------------+-----
Unarmed Combat | 1 2 3 4 6 7 9 10 11 | 11.1
Fighting       | 2 3 4 5 6 |  6.8
Throwing       | 4 5 6 7 8 |  8.2
Evocations     | 1 2 3 4 5 |  5.0
Dodging        | 2 |  2.1
Armour         | 1 |  1.0
Stealth        | |  0.3

Action                   |  1- 3 |  4- 6 |  7- 9 | 10-12 || total
-------------------------+-------+-------+-------+-------++-------
Melee: Unarmed           |    80 |   181 |   410 |   300 ||   971
       Short sword       |     2 |       |       |       ||     2
       Punch             |       |     3 |    10 |     6 ||    19
Throw: Large rock        |     1 |       |     2 |     1 ||     4
       Dart              |       |       |    16 |     4 ||    20
       Throwing net      |       |       |     1 |     4 ||     5
  Use: Scroll            |       |     8 |       |    11 ||    19
       Potion            |       |       |       |     1 ||     1
 Stab: Sleeping          |       |     2 |     3 |     1 ||     6
       Distracted        |       |       |     1 |       ||     1
       Held in net/web   |       |       |       |     3 ||     3
  Eat: Chunk             |    14 |    17 |    35 |    32 ||    98
Armor: Robe              |    36 |    62 |   125 |    68 ||   291
       Troll leather arm |       |       |       |    35 ||    35
Dodge: Dodged            |    58 |    92 |   218 |   166 ||   534

Table legend:
 A = Non-vault XP
 B = Vault XP
 C = Vault XP percentage of total XP
 D = Non-vault monster count
 E = Vault monster count
 F = Vault count percentage of total count
                 A         B        C        D         E       F
            +---------+---------+-------+---------+---------+-------
      Total |   10728 |    1828 |  14.6 |     248 |      48 |  16.2
            +---------+---------+-------+---------+---------+-------
        D:1 |      48 |       0 |   0.0 |      23 |       0 |   0.0
        D:2 |     110 |       0 |   0.0 |      24 |       0 |   0.0
        D:3 |     116 |       0 |   0.0 |      15 |       0 |   0.0
        D:4 |     406 |       0 |   0.0 |      16 |       0 |   0.0
        D:5 |     773 |    1179 |  60.4 |      17 |      44 |  72.1
        D:6 |    1431 |       0 |   0.0 |      38 |       0 |   0.0
        D:7 |    1897 |     612 |  24.4 |      28 |       3 |   9.7
        D:8 |    1585 |       0 |   0.0 |      33 |       0 |   0.0
        D:9 |    2409 |      37 |   1.5 |      38 |       1 |   2.6
       D:10 |    1953 |       0 |   0.0 |      16 |       0 |   0.0
            +---------+---------+-------+---------+---------+-------
